 Dungeon Crawl Stone Soup version 0.23.2-30-g0e89c35649 (webtiles) character file.

Game seed: 9047930739534057870

79 funkygono the Skirmisher (level 4, 0/38 HPs)
             Began as a Formicid Abyssal Knight on June 16, 2019.
             Was a Believer of Lugonu.
             Slain by a hobgoblin
             ... wielding a +0 club
             ... led by Robin
              (2 damage)
             ... on level 2 of the Dungeon.
             The game lasted 00:04:28 (1413 turns).

funkygono the Skirmisher (Formicid Abyssal Knight)  Turns: 1413, Time: 00:04:29

Health: 0/38       AC:  7    Str: 17    XL:     4   Next: 62%
Magic:  5/5        EV: 11    Int: 12    God:    Lugonu [**....]
Gold:   179        SH:  0    Dex: 10    Spells: 3/3 levels left

rFire    + . .     SeeInvis +   a - +2 mace
rCold    . . .     Gourm    .   (no shield)
rNeg     . . .     Faith    .   b - +1 leather armour
rPois    .         Spirit   .   (helmet unavailable)
rElec    .         Reflect  .   (no cloak)
rCorr    .         Harm     .   i - +2 pair of gloves
MR       .....                  (no boots)
Stlth    +.........             (no amulet)
HPRegen  0.12/turn              g - ring of protection from fire
MPRegen  0.09/turn              (no ring)

@: lethally poisoned (0 -> -2)
A: permanent stasis, dig shafts and tunnels, four strong arms, antennae 3
a: Dig, Shaft Self, Depart the Abyss, Bend Space, Renounce Religion


You were on level 2 of the Dungeon.
You worshipped Lugonu.
Lugonu was pleased with you.
You were not hungry.

You visited 1 branch of the dungeon, and saw 2 of its levels.
You visited the Abyss 1 time.

You collected 179 gold pieces.

Inventory:

Hand Weapons
 a - a +2 mace (weapon)
Missiles
 d - 75 stones (quivered)
 h - 51 sling bullets
Armour
 b - a +1 leather armour (worn)
 i - a +2 pair of gloves (worn)
Jewellery
 g - a ring of protection from fire (left hand)
Potions
 e - a potion of lignification {unknown}
 j - 2 potions of magic {unknown}
 o - a potion of berserk rage {unknown}
 p - a potion of degeneration {unknown}
Comestibles
 c - 3 rations
 f - 3 chunks of flesh


   Skills:
 * Level 4.4 Fighting
 + Level 2.8 Maces & Flails
 + Level 2.6 Armour
 + Level 1.3 Dodging
 + Level 2.4 Invocations


You had 3 spell levels left.
You didn't know any spells.
Your spell library was empty.

Dungeon Overview and Level Annotations

Branches:
Dungeon (2/15)

Altars:

Annotations:
D:2 Robin


Innate Abilities, Weirdness & Mutations

You cannot be hasted, slowed, berserked, paralysed or teleported.
You can dig through walls and to a lower floor.
Your four strong arms can wield two-handed weapons with a shield.
You have a pair of large antennae on your head. (SInv)


Message History

* * * LOW HITPOINT WARNING * * *
You barely miss the goblin.
You feel sick.
The hobgoblin hits you but does no damage.
The goblin closely misses you.
Robin points. "Kill!"
You closely miss the goblin. The hobgoblin closely misses you.
The goblin hits you but does no damage.
You hit the goblin.
The goblin is almost dead.
The hobgoblin hits you with a +0 club.
* * * LOW HITPOINT WARNING * * *
The goblin hits you with a +0 club.
* * * LOW HITPOINT WARNING * * *
You hit the goblin.
You kill the goblin!
Lugonu accepts your kill.
* * * LOW HITPOINT WARNING * * *
You feel sick. The hobgoblin closely misses you.
The hobgoblin hits you with a +0 club.
You die...

#)# #### #g#######..
# #))....##.#####.#
#......#........#
#...g..#........#
##......#.g......#
#.....[...)#g#####.#
#........g.#g#
##.........#@#
######.........#)#
..........######.# {
..........######.#
..........##.....#
..........##.#####.#
...................#
........>..........#
{
...................#


You could see Robin and 2 hobgoblins.

Vanquished Creatures
  Terence (D:2)
  2 dart slugs
  A leopard gecko (D:2)
  2 giant cockroaches
  4 hobgoblins
  4 jackals (D:2)
  7 bats
  6 frilled lizards
  14 goblins
  A jackal zombie (D:2)
  3 kobolds
  3 rats (D:1)
  A fungus (D:1)
49 creatures vanquished.

Vanquished Creatures (others)
  4 toadstools (D:1)
4 creatures vanquished.

Grand Total: 53 creatures vanquished

Notes
Turn   | Place    | Note
-------+----------+-------------------------------------------
     0 | Abyss:1  | funkygono the Formicid Abyssal Knight began the quest for
                  | the Orb.
     0 | Abyss:1  | Reached XP level 1. HP: 18/18 MP: 2/2
    56 | D:1      | Escaped the Abyss
   298 | D:1      | Reached XP level 2. HP: 24/25 MP: 3/3
   581 | D:1      | Reached skill level 4 in Fighting
   685 | D:1      | Reached ** piety under Lugonu
   933 | D:2      | Noticed Terence
   936 | D:2      | Reached XP level 3. HP: 12/30 MP: 2/4
   985 | D:2      | Reached skill level 1 in Dodging
  1296 | D:2      | Killed Terence
  1296 | D:2      | Reached XP level 4. HP: 31/38 MP: 5/5
  1359 | D:2      | Noticed Robin
  1413 | D:2      | Slain by a hobgoblin

Skill      XL: |  1  2  3 |
---------------+----------+-----
Fighting       | 4 |  4.4
Dodging        | 1 |  1.3
Maces & Flails | |  2.8
Armour         | |  2.6
Invocations    | |  2.4

Action                   |  1- 3 |  4- 6 || total
-------------------------+-------+-------++-------
Melee: Mace              |   140 |    50 ||   190
Invok: Bend Space        |     2 |       ||     2
  Use: Scroll            |     6 |       ||     6
       Potion            |     2 |     1 ||     3
  Eat: Chunk             |     1 |     1 ||     2
Armor: Leather armour    |   101 |    34 ||   135
Dodge: Dodged            |   148 |    47 ||   195
